 Dungeon Crawl Stone Soup version 0.29-a0-88-g03a7b78be7 (webtiles) character file.

Game seed: 16816545336654641113

1077 funkygono the Firebug (level 8, -12/42 HPs)
             Began as a Gargoyle Fire Elementalist on Feb 4, 2022.
             Mangled by a two-headed ogre (19 damage)
             ... on level 5 of the Dungeon on Feb 5, 2022.
             The game lasted 00:12:00 (6073 turns).

funkygono the Firebug (Gargoyle Fire Elementalist)  Turns: 6073, Time: 00:12:01

Health: -12/42     AC: 10    Str: 12    XL:     8   Next: 29%
Magic:  6/15       EV: 16    Int: 18    God:
Gold:   175        SH:  0    Dex: 10    Spells: 2/17 levels left

rFire   . . .      SeeInvis .   j - +4 whip (elec)
rCold   . . .      Faith    .   (no shield)
rNeg    + . .      Spirit   .   a - +0 robe
rPois   ∞          Reflect  .   l - +0 helmet
rElec   +          Harm     .   c - +1 cloak
rCorr   .          Rampage  .   (no gloves)
Will    .....                   (no boots)
Stlth   ++........              (no amulet)
HPRegen 0.14/turn               b - +4 ring of evasion
MPRegen 0.14/turn               (no ring)

@: no status effects
A: sickness immunity, AC +5, negative energy resistance 1, electricity
resistance, torment resistance 1, petrification resistance
a: no special abilities


You were on level 5 of the Dungeon.
You visited 2 branches of the dungeon, and saw 6 of its levels.
You also visited: Sewer.

You collected 175 gold pieces.

Inventory:

Hand Weapons
 f - a +0 mace of electrocution
 j - a +4 whip of electrocution (weapon)
 m - a +0 whip of flaming
 r - a +0 flail of holy wrath
Missiles
 k - 158 stones (quivered)
Armour
 a - a +0 robe (worn)
 c - a +1 cloak (worn)
 l - a +0 helmet (worn)
Jewellery
 b - a +4 ring of evasion (left hand)
 u - a ring of protection from cold
Wands
 s - a wand of iceblast (14)
 v - a wand of digging (1)
Scrolls
 n - 3 scrolls of teleportation
 p - a scroll of brand weapon
Potions
 d - a potion of berserk rage
 e - 2 potions of flight
 g - a potion of mutation
 h - a potion of attraction
 i - a potion of cancellation {unknown}
 o - 3 potions of heal wounds
 q - 3 potions of curing


   Skills:
 + Level 0.7 Fighting
 + Level 1.4 Maces & Flails
 + Level 2.3 Dodging
 - Level 2.1 Stealth
 * Level 5.2 Spellcasting
 * Level 4.8 Conjurations
 * Level 5.9 Fire Magic
 * Level 1.9 Poison Magic


You had 2 spell levels left.
You knew the following spells:

 Your Spells              Type           Power      Damage    Failure   Level
a - Foxfire               Conj/Fire      96%        2x1d8     1%          1
b - Scorch                Fire           52%        2d8       1%          2
c - Conjure Flame         Conj/Fire      24%        6-21      4%          3
d - Flame Wave            Conj/Fire      24%        2d7       14%         4
e - Sting                 Tmut/Pois      32%        1d4       9%          1
f - Olgreb's Toxic Radia  Pois           11%        N/A       52%         4

Your spell library contained the following spells:

 Spells                   Type           Power      Damage    Failure   Level
 Summon Small Mammal      Summ           16%        N/A       13%         1
 Poisonous Vapours        Pois/Air       16%        N/A       13%         2
 Inner Flame              Hex/Fire       15%        N/A       12%         3
 Call Canine Familiar     Summ           4%         N/A       36%         3
 Summon Guardian Golem    Hex/Summ       4%         N/A       36%         3


Dungeon Overview and Level Annotations

Branches:
Dungeon (5/15)             Temple (1/1) D:4           Sewer (visited)

Altars:
Fedhas
Gozag
Hepliaklqana
Kikubaaqudgha
Makhleb
Nemelex Xobeh
Okawaru
Qazlal
Trog
Uskayaw
Xom
Yredelemnul
Zin
The Shining One

Shops:
D:4 :


Innate Abilities, Weirdness & Mutations

You are immune to sickness and miasma.
Your stone body is resilient. (AC +5)
You are immune to poison.
You resist negative energy. (rN+)
You are resistant to electric shocks. (rElec)
You are resistant to unholy torment.
You are immune to petrification.


Message History

The sting hits the two-headed ogre but does no damage.
The two-headed ogre is poisoned.
The two-headed ogre is lightly wounded.
You hit the two-headed ogre but do no damage.
The two-headed ogre is lightly wounded.
The two-headed ogre completely misses you.
The two-headed ogre hits you with a +0 giant club!
Casting: Sting (safe; 9% risk of failure)
Confirm with . or Enter, or press ? or * to list all spells.
Flames lash the two-headed ogre.
The two-headed ogre is moderately wounded.
The two-headed ogre's fire resistance burns away.
Unknown command.
Casting: Scorch (safe; 1% risk of failure)
Confirm with . or Enter, or press ? or * to list all spells.
Flames lash the two-headed ogre.
The two-headed ogre is burned terribly!
The two-headed ogre is moderately wounded.
The two-headed ogre hits you with a +0 giant club!!
Ouch! That really hurt!
* * * LOW HITPOINT WARNING * * *
The two-headed ogre misses you.
You feel much better.
The two-headed ogre looks more healthy.
The two-headed ogre hits you with a +0 giant club!
The two-headed ogre barely misses you.
Casting: Scorch (safe; 1% risk of failure)
Confirm with . or Enter, or press ? or * to list all spells.
Flames lash the two-headed ogre.
The two-headed ogre is burned terribly!
The two-headed ogre is heavily wounded.
The two-headed ogre hits you with a +0 giant club!
* * * LOW HITPOINT WARNING * * *
The two-headed ogre closely misses you.
Casting: Scorch (safe; 1% risk of failure)
Confirm with . or Enter, or press ? or * to list all spells.
Aiming: Sting (safe; 9% risk of failure)
Press: ? - help, Shift-Dir - straight line, f/p - two-headed ogre
Aim: a two-headed ogre, wielding two +0 giant clubs (heavily wounded, more vulnerable to fire, 85% to hit)
The sting hits the two-headed ogre.
The two-headed ogre is poisoned.
The two-headed ogre is heavily wounded.
The two-headed ogre hits you with a +0 giant club!!
You die...

##### #.... #....
##### #....
####...#######
#....###..§....§.?...
#...........#.##.###
###.#.##..#.#@O..#
##...#...#.##.#.....
#......>.... .$.....
####)#..#####.#.....
#)...#### .....##
########.#.....# ..
#... #........#...#.#
#.# ...
#..............# .#
## #......<...#.#.#


You could see a two-headed ogre (poisoned, combustible).

Vanquished Creatures
  Pikel (D:3)
  The ghost of benappo the Magician, an amateur DjVM (D:4)
  3 lemures
  A scorpion (D:5)
  A bullfrog zombie (D:5)
  A hound (D:3)
  An orc priest (D:4)
  A centaur skeleton (D:4)
  Terence (D:3)
  An iguana (D:4)
  An orc wizard (D:4)
  2 hound skeletons (D:4)
  Robin (D:2)
  8 adders
  3 gnolls (D:5)
  5 river rats
  An adder skeleton (D:3)
  A dart slug (D:1)
  6 orcs
  13 ball pythons
  6 endoplasms
  6 giant cockroaches
  11 hobgoblins
  2 quokkas
  A bat (D:1)
  21 frilled lizards
  12 goblins
  9 kobolds
  17 rats
138 creatures vanquished.

Vanquished Creatures (others)
  A quokka (D:5)
  392 foxfires
  3 fungi (D:2)
  10 plants (D:2)
406 creatures vanquished.

Grand Total: 544 creatures vanquished

Notes
Turn   | Place    | Note
-------+----------+-------------------------------------------
     0 | D:1      | funkygono the Gargoyle Fire Elementalist began the quest
                  | for the Orb.
     0 | D:1      | Reached XP level 1. HP: 10/10 MP: 3/3
   199 | D:1      | Reached XP level 2. HP: 15/15 MP: 1/5
   246 | D:1      | Learned a level 2 spell: Scorch
   792 | D:1      | Reached XP level 3. HP: 19/19 MP: 4/6
   796 | D:1      | Learned a level 3 spell: Conjure Flame
  1244 | D:2      | Found a faded altar of an unknown god.
  2096 | D:3      | Noticed Robin
  2107 | D:2      | Reached XP level 4. HP: 14/24 MP: 3/7
  2236 | D:2      | Killed Robin
  2561 | D:3      | Found a glowing drain.
  2567 | Sewer    | Entered a sewer
  2650 | Sewer    | Reached XP level 5. HP: 17/28 MP: 3/9
  2656 | Sewer    | Learned a level 4 spell: Flame Wave
  3624 | D:3      | Reached XP level 6. HP: 33/33 MP: 5/11
  3751 | D:3      | Noticed Terence
  3762 | D:3      | Killed Terence
  3763 | D:3      | Reached skill level 1 in Maces & Flails
  3953 | D:3      | Found a sparkling altar of Nemelex Xobeh.
  4305 | D:3      | Upgraded the game from 0.29-a0-82-g837932c90e to
                  | 0.29-a0-88-g03a7b78be7
  4428 | D:4      | Found a staircase to the Ecumenical Temple.
  4438 | D:4      | Noticed Pikel
  4848 | D:3      | Killed Pikel
  4849 | D:3      | Reached skill level 5 in Fire Magic
  4849 | D:3      | Reached XP level 7. HP: 27/37 MP: 1/14
  4938 | Temple   | Entered the Ecumenical Temple
  5033 | D:4      | Found Huseeh's Book Emporium.
  5050 | D:4      | Learned a level 1 spell: Sting
  5190 | D:4      | Reached skill level 5 in Spellcasting
  5380 | D:4      | Found a large runed translucent door.
  5395 | D:4      | Reached XP level 8. HP: 42/42 MP: 10/15
  5465 | D:4      | Found a large runed translucent door.
  5500 | D:4      | Noticed benappo's ghost (amateur DjVM)
  5818 | D:4      | Killed benappo's ghost
  5819 | D:4      | Reached skill level 1 in Poison Magic
  5890 | D:4      | Learned a level 4 spell: Olgreb's Toxic Radiance
  5918 | D:5      | Entered Level 5 of the Dungeon
  6062 | D:5      | Noticed a two-headed ogre
  6073 | D:5      | Mangled by a two-headed ogre

Illustrated notes

Levels and vault maps discovered:
D:1:      dpeg_arrival_round_b, layout_basic, minmay_pentomino_o2
D:2:      layout_loops_ring, shapermc_ecumenical_altar_hornbeckon,
          minmay_lizard_king
D:3:      minmay_diamond_boxcup, layout_basic, lemuel_doored_altar,
          portal_sewer_entry_e, minmay_misc_feat_tiny, uniq_terence, uniq_robin
D:4:      layout_cave_pools, minmay_temple_entry_mist,
          ebering_ghost_disaster_area, serial_shops,
          nicolae_shop_hallway_stairs, kennysheep_generic_room_9, uniq_pikel
D:5:      layout_basic, elyvilon_altar_4
Temple:   cyrus_circular_temple

Skill      XL: |  1  2  3  4  5  6  7  8 |
---------------+-------------------------+-----
Fire Magic     | 4 5 |  5.9
Spellcasting   | 3 4 5 |  5.2
Conjurations   | 2 3 4 |  4.8
Dodging        | 2 |  2.3
Maces & Flails | 1 |  1.4
Poison Magic   | 1 |  1.9
Fighting       | |  0.7
Stealth        | |  2.1

Action                   |  1- 3 |  4- 6 |  7- 9 || total
-------------------------+-------+-------+-------++-------
Melee: Club              |     1 |       |       ||     1
       Whip              |    53 |    76 |    14 ||   143
       Punch             |       |     2 |     1 ||     3
 Cast: Foxfire           |    53 |   111 |    67 ||   231
       Scorch            |       |     7 |     6 ||    13
       Sting             |       |       |     3 ||     3
  Use: Scroll            |     8 |     7 |     2 ||    17
       Potion            |       |       |     1 ||     1
 Stab: Sleeping          |     2 |     4 |       ||     6
Armor: Robe              |    23 |    47 |     6 ||    76
Dodge: Dodged            |    43 |   127 |    13 ||   183

Table legend: (Time is in decaauts)
 A = Elapsed time spent in this place.
 B = Non-inter-level travel time spent in this place.
 C = Inter-level travel time spent in this place.
 D = Time resting spent in this place.
 E = Time spent auto-exploring this place.
 F = Levels seen in this place.
 G = Mean time per level.
                   A        B        C        D        E       F      G
               +--------+--------+--------+--------+--------+-----+--------+
         Total |   6128 |   6007 |    121 |    768 |   4017 |   7 |  875.4 |
       Dungeon |   5345 |   5233 |    112 |    768 |   3378 |   5 | 1069.0 |
        Temple |     60 |     51 |      9 |      0 |     42 |   1 |   60.0 |
         Sewer |    722 |    722 |      0 |      0 |    596 |   1 |  722.0 |
               +--------+--------+--------+--------+--------+-----+--------+

Top non-repeatable levels by time:
     D:3: 1654 daAuts
     D:2: 1399 daAuts
     D:1: 1093 daAuts
     D:4: 1042 daAuts
   Sewer: 722 daAuts
     D:5: 154 daAuts
  Temple: 60 daAuts
